 Dungeon Crawl Stone Soup version 0.22-a0-149-g870e420 (webtiles) character file.

261 Amnesiac the Digger (level 5, -2/35 HPs)
             Began as a Mummy Earth Elementalist on Feb 7, 2018.
             Slain by an ice beast (5 damage)
             ... on level 3 of the Dungeon.
             The game lasted 00:02:37 (2394 turns).

Amnesiac the Digger (Mummy Earth Elementalist)      Turns: 2394, Time: 00:02:38

Health: -2/35      AC:  2    Str: 11    XL:     5   Next: 96%
Magic:  5/12       EV: 12    Int: 16    God:
Gold:   239        SH:  0    Dex: 12    Spells: 1/13 levels left

rFire    x . .     SeeInvis .   e - +0 hunting sling
rCold    + . .     Gourm    .   (no shield)
rNeg     + + +     Faith    .   c - +0 robe
rPois    ∞         Spirit   .   (no helmet)
rElec    .         Reflect  .   (no cloak)
rCorr    .         Harm     .   (no gloves)
MR       .....                  (no boots)
Stlth    ++........             (no amulet)
HPRegen  0.11/turn              (no ring)
MPRegen  0.13/turn              (no ring)

@: no status effects
A: no food or potions, fire vulnerability, cold resistance 1, negative energy
resistance 3, torment resistance, unbreathing
a: no special abilities


You were on level 3 of the Dungeon.
You were not hungry.

You visited 1 branch of the dungeon, and saw 3 of its levels.

You collected 239 gold pieces.

Inventory:

Hand Weapons
 e - a +0 hunting sling (weapon)
 n - a cursed -3 whip
 o - a +0 short sword of venom
 p - a +1 vampiric hand axe
Missiles
 b - 103 stones (quivered)
 q - 18 poisoned needles
Armour
 c - a +0 robe (worn)
 r - a +2 helmet
Jewellery
 g - an uncursed ring of positive energy {unknown}
Scrolls
 a - 4 scrolls of teleportation {!r, unknown}
 f - a scroll of magic mapping {!r, unknown}
 h - 2 scrolls of enchant armour {!r, unknown}
 i - a scroll of remove curse {!r, unknown}
 j - 2 scrolls of fog {!r, unknown}
 k - a scroll of random uselessness {!r, unknown}
 m - a scroll of blinking {!r, unknown}
 s - a scroll of identify {!r, unknown}
Books
 d - a book of Geomancy

   Spells                             Type                      Level
   a - Sandblast                      Earth                        1
   b - Passwall                       Transmutation/Earth          2
   c - Stone Arrow                    Conjuration/Earth            3
   d - Petrify                        Transmutation/Earth          4
   e - Lee's Rapid Deconstruction     Earth                        5


   Skills:
 - Level 1.5 Dodging
 - Level 1.5 Stealth
 + Level 4.8 Spellcasting
 - Level 0.7 Transmutations
 * Level 4.8 Earth Magic


You had one spell level left.
You knew the following spells:

 Your Spells              Type           Power        Failure   Level  Hunger
a - Sandblast             Erth           ###...       2%          1    N/A
b - Passwall              Tmut/Erth      ##........   8%          2    N/A
d - Lee's Rapid Deconstr  Erth           ###.......   52%         5    N/A
e - Petrify               Tmut/Erth      ##......     45%         4    N/A

Dungeon Overview and Level Annotations

Branches:
Dungeon (3/15)

Altars:


Innate Abilities, Weirdness & Mutations

You do not eat or drink.
Your flesh is vulnerable to fire.
You are immune to poison.
Your flesh is cold resistant. (rC+)
You are immune to negative energy. (rN+++)
You are immune to unholy pain and torment.
You can survive without breathing.


Message History

Press: ? - help, Shift-Dir - straight line, f/p - ice beast
Aim: an ice beast (severely wounded)
The blast of sand misses the ice beast.
b - 109 stones The ice beast hits you.
The ice beast freezes you. You resist.
Casting: Sandblast (safe; 2% risk of failure)
Confirm with . or Enter, or press ? or * to list all spells.
Aiming: Sandblast (safe; 2% risk of failure)
Press: ? - help, Shift-Dir - straight line, f/p - ice beast
Aim: an ice beast (severely wounded)
The blast of sand hits the ice beast.
The ice beast is severely wounded.
b - 108 stones The ice beast hits you.
The ice beast freezes you. You resist.
Casting: Sandblast (safe; 2% risk of failure)
Confirm with . or Enter, or press ? or * to list all spells.
Aiming: Sandblast (safe; 2% risk of failure)
Press: ? - help, Shift-Dir - straight line, f/p - ice beast
Aim: an ice beast (severely wounded)
The blast of sand hits the ice beast.
The ice beast is almost dead.
b - 107 stones The ice beast hits you.
* * * LOW HITPOINT WARNING * * *
The ice beast freezes you. You resist.
* * * LOW HITPOINT WARNING * * *
Casting: Sandblast (safe; 2% risk of failure)
Confirm with . or Enter, or press ? or * to list all spells.
Aiming: Sandblast (safe; 2% risk of failure)
Press: ? - help, Shift-Dir - straight line, f/p - ice beast
Aim: an ice beast (almost dead)
The blast of sand misses the ice beast.
b - 106 stones The ice beast hits you but does no damage.
Casting: Sandblast (safe; 2% risk of failure)
Confirm with . or Enter, or press ? or * to list all spells.
Aiming: Sandblast (safe; 2% risk of failure)
Press: ? - help, Shift-Dir - straight line, f/p - ice beast
Aim: an ice beast (almost dead)
The blast of sand hits the ice beast.
The ice beast is almost dead.
b - 105 stones The ice beast closely misses you.
Casting: Sandblast (safe; 2% risk of failure)
Confirm with . or Enter, or press ? or * to list all spells.
Aiming: Sandblast (safe; 2% risk of failure)
Press: ? - help, Shift-Dir - straight line, f/p - ice beast
Aim: an ice beast (almost dead)
The blast of sand misses the ice beast.
b - 104 stones The ice beast hits you.
* * * LOW HITPOINT WARNING * * *
The ice beast freezes you! You resist.
* * * LOW HITPOINT WARNING * * *
Unknown command.
Casting: Sandblast (safe; 2% risk of failure)
Confirm with . or Enter, or press ? or * to list all spells.
Aiming: Sandblast (safe; 2% risk of failure)
Press: ? - help, Shift-Dir - straight line, f/p - ice beast
Aim: an ice beast (almost dead)
The blast of sand misses the ice beast.
b - 103 stones The ice beast hits you.
You die...

######### #.......#
#.#####.## #.####...####
#@..).......######
....(.Y.................
.#.#..#..).##.#...#####.
..(.#.#####.##### #.
...#. #.. ..# #. .. ..
### ##+## ## . ##
##...## ##.....## ##
##.......## ##.


You could see an ice beast.

Vanquished Creatures
  An ice beast (D:3)
  An orc priest (D:3)
  Jessica (D:2)
  A worker ant (D:3)
  2 adders (D:3)
  2 worms
  A dart slug (D:1)
  5 leopard geckos
  5 orcs (D:3)
  2 ball pythons
  5 bats
  3 giant cockroaches
  7 goblins
  3 hobgoblins
  6 jackals (D:1)
  A quokka (D:3)
  5 frilled lizards
  2 kobolds
  6 rats
59 creatures vanquished.

Notes
Turn   | Place    | Note
-------+----------+-------------------------------------------
     0 | D:1      | Amnesiac the Mummy Earth Elementalist began the quest for the Orb.
     0 | D:1      | Reached XP level 1. HP: 13/13 MP: 4/4
   286 | D:1      | Reached XP level 2. HP: 19/19 MP: 5/5
   760 | D:1      | Reached XP level 3. HP: 24/24 MP: 7/7
   764 | D:1      | Learned a level 2 spell: Passwall
  1255 | D:2      | Noticed Jessica
  1263 | D:2      | Killed Jessica
  1263 | D:2      | Reached XP level 4. HP: 30/30 MP: 7/9
  1722 | D:3      | Noticed an ice beast
  1733 | D:3      | Killed an ice beast
  1733 | D:3      | Reached XP level 5. HP: 35/35 MP: 2/11
  1791 | D:3      | Learned a level 4 spell: Petrify
  1797 | D:3      | Learned a level 5 spell: Lee's Rapid Deconstruction
  2383 | D:3      | Noticed an ice beast
  2394 | D:3      | Slain by an ice beast

Vault maps used:
D:1:      matt_arrival_diagonals
D:2:      uniq_jessica
D:3:      first_ration

Skill      XL: |  1  2  3  4 |
---------------+-------------+-----
Spellcasting   | 3 4 |  4.8
Earth Magic    | 3 4 |  4.8
Dodging        | |  1.5
Stealth        | |  1.5
Transmutations | |  0.7

Action                   |  1- 3 |  4- 6 || total
-------------------------+-------+-------++-------
 Fire: Hunting sling     |   104 |    68 ||   172
 Cast: Sandblast         |     6 |    27 ||    33
Armor: Robe              |     9 |     6 ||    15
Dodge: Dodged            |    29 |    31 ||    60

Table legend:
 A = Spawn XP
 B = Non-spawn XP
 C = Spawn XP percentage of total XP
 D = Spawn monster count
 E = Non-spawn monster count
 F = Spawn count percentage of total count
 G = Total turns spent on level
                    A         B        C        D         E        F      G
               +---------+---------+-------+---------+---------+-------+---------
         Total |       0 |     373 |   0.0 |       0 |      59 |   0.0 |  2394
               +---------+---------+-------+---------+---------+-------+---------
           D:1 |       0 |      45 |   0.0 |       0 |      24 |   0.0 |  1095
           D:2 |       0 |      66 |   0.0 |       0 |      15 |   0.0 |   451
           D:3 |       0 |     262 |   0.0 |       0 |      20 |   0.0 |   848
               +---------+---------+-------+---------+---------+-------+---------
